 Dungeon Crawl Stone Soup version 0.29.1-14-g9c671dbff4 (webtiles) character file.

Game seed: 9859099289872284365

43 hawla the Firebug (level 4, -1/33 HPs)
             Began as a Meteoran Fire Elementalist on Feb 12, 2023.
             Slain by Grinder (7 damage)
             ... on level 3 of the Dungeon.
             The game lasted 00:03:42 (503 turns).

hawla the Firebug (Meteoran Fire Elementalist)       Turns: 503, Time: 00:03:42

Health: -1/33      AC:  3    Str:  9    XL:     4   Next: 6%
Magic:  3/9        EV: 13    Int: 18    God:
Gold:   74         SH:  0    Dex: 15    Spells: 8/9 levels left

rFire   . . .      SeeInvis .   (no weapon)
rCold   . . .      Faith    .   (no shield)
rNeg    . . .      Spirit   .   a - +0 robe
rPois   .          Reflect  .   (no helmet)
rElec   .          Harm     .   (no cloak)
rCorr   +          Rampage  .   d - +0 pair of gloves
Will    .....                   (no boots)
Stlth   +.........              (no amulet)
HPRegen 0.11/turn               f - ring of resist corrosion
MPRegen 0.11/turn               (no ring)

@: flying, glowing
A: sense surroundings 1, otherworldly, glowing, explore regen
a: no special abilities


You were on level 3 of the Dungeon.
You visited 1 branch of the dungeon, and saw 4 of its levels.

You collected 74 gold pieces.

Inventory:

Armour
 a - a +0 robe (worn)
 d - a +0 pair of gloves (worn)
Jewellery
 f - a ring of resist corrosion (left hand)
Wands
 c - a wand of iceblast (9) (quivered)
Scrolls
 e - a scroll of amnesia
Potions
 b - 2 potions of magic
 h - a potion of flight
 i - a potion of ambrosia {unknown}


   Skills:
 - Level 2.8 Dodging
 - Level 1.4 Stealth
 - Level 3.1 Spellcasting
 - Level 1.6 Conjurations
 - Level 4.5 Fire Magic
 + Level 1.2 Evocations


You had 8 spell levels left.
You knew the following spells:

 Your Spells              Type           Power      Damage    Failure   Level
a - Foxfire               Conj/Fire      52%        2x1d6     4%          1

Your spell library contained the following spells:

 Spells                   Type           Power      Damage    Failure   Level
 Scorch                   Fire           38%        2d7       3%          2
 Conjure Flame            Conj/Fire      13%        6-21      14%         3
 Inner Flame              Hex/Fire       10%        N/A       19%         3
 Flame Wave               Conj/Fire      13%        2d6       41%         4


Dungeon Overview and Level Annotations

Branches:
Dungeon (4/15) Zot: 1897
 Temple: D:4-7

Altars:

Annotations:
D:3 Grinder


Innate Abilities, Weirdness & Mutations

You passively map a small area around you.
You are easily found by Zot.
You glow in the dark.
You regain HP and MP as you explore.


Message History

The hobgoblin misses you.
The endoplasm hits you but does no damage.
Grinder hits you.
You writhe in agony.
Casting: Foxfire (safe; 4% risk of failure)
Confirm with . or Enter, or press ? or * to list all spells.
You conjure some foxfire!
The foxfire hits Grinder.
Grinder is lightly wounded.
The endoplasm hits you.
The hobgoblin hits you but does no damage.
Grinder gestures at you. Pain shoots through your body!
* * * LOW HITPOINT WARNING * * *
Unknown command.
You feel better.
The foxfire hits the endoplasm but does no damage.
The endoplasm is heavily wounded.
The foxfire hits the hobgoblin but does no damage.
The hobgoblin is heavily wounded.
The foxfire hits the hobgoblin.
You kill the hobgoblin!
The endoplasm barely misses you. Grinder barely misses you.
Casting: Foxfire (safe; 4% risk of failure)
Confirm with . or Enter, or press ? or * to list all spells.
You conjure some foxfire!
The endoplasm barely misses you. Grinder hits you but does no damage.
Okay, then.
Grinder attacks as you move away! Grinder hits you.
* * * LOW HITPOINT WARNING * * *
You writhe in agony.
* * * LOW HITPOINT WARNING * * *
The endoplasm attacks as you move away! The endoplasm closely misses you.
The foxfire hits the endoplasm.
You kill the endoplasm!
The foxfire hits Grinder but does no damage.
Grinder is lightly wounded.
You see here a +0 dagger.
It was a potion of flight.
You feel very buoyant.
You fly up into the air.
Grinder hits you!
You die...

######### #.......#
#.......# #.......#
#...[...# #.......#
########.......####
.......>..5@.......
**###.####.......####
#.......# ,
.........#
##.###....# * , #.
#.##?.. * #. ..# ##..
, * ,,* #. .## .., ,
* *


You could see Grinder.

Vanquished Creatures
  An adder (D:2)
  A dart slug (D:1)
  An orc (D:4)
  2 bats
  2 endoplasms
  A giant cockroach (D:1)
  5 hobgoblins
  A kobold (D:1)
  2 quokkas
  2 ball pythons
  2 frilled lizards (D:1)
  6 goblins
  2 rats
28 creatures vanquished.

Vanquished Creatures (others)
  70 foxfires
70 creatures vanquished.

Grand Total: 98 creatures vanquished

Notes
Turn   | Place    | Note
-------+----------+-------------------------------------------
     0 | D:1      | hawla the Meteoran Fire Elementalist began the quest for
                  | the Orb.
     0 | D:1      | Reached XP level 1. HP: 14/14 MP: 5/5
    88 | D:1      | Reached skill level 4 in Fire Magic
    88 | D:1      | Reached XP level 2. HP: 16/20 MP: 3/6
    96 | D:1      | Found a faded altar of an unknown god.
   161 | D:1      | Reached XP level 3. HP: 26/26 MP: 4/8
   486 | D:4      | Noticed Grinder
   498 | D:3      | Reached skill level 1 in Evocations
   498 | D:3      | Reached XP level 4. HP: 27/33 MP: 6/9
   503 | D:3      | Slain by Grinder

Illustrated notes

Levels and vault maps discovered:
D:1:      roderic_octagonal_star, layout_loops_ring,
          ebering_ecumenical_altar_mist, serial_shops,
          nicolae_shop_overgrown_old_shop, due_unseen_surprise
D:2:      layout_basic
D:3:      layout_rooms, uniq_terence, uniq_sigmund
D:4:      layout_basic, lemuel_crystal_altar,
          mainiacjoe_overflow_small_starburst, gammafunk_ghost_necromancy,
          uniq_duvessa, uniq_grinder

Skill      XL: |  1  2  3 |
---------------+----------+-----
Fire Magic     | 4 |  4.5
Spellcasting   | 3 |  3.1
Evocations     | 1 |  1.2
Dodging        | |  2.8
Stealth        | |  1.4
Conjurations   | |  1.6

Action                   |  1- 3 |  4- 6 || total
-------------------------+-------+-------++-------
Melee: Unarmed           |    31 |       ||    31
       Punch             |     1 |       ||     1
 Cast: Foxfire           |    41 |     3 ||    44
  Use: Scroll            |     2 |       ||     2
       Potion            |       |     2 ||     2
Armor: Robe              |    11 |     3 ||    14
Dodge: Dodged            |    20 |     5 ||    25
